 Dungeon Crawl Stone Soup version 0.27-a0-797-g27d10ad80f (webtiles) character file.

Game seed: 7706646882755848659

411893 sahdkjhfkaj the Impregnable (level 23, -2/156 HPs)
             Began as a Gargoyle Gladiator on Mar 27, 2021.
             Was an Initiate of Gozag.
             Hit by a large rock thrown by a stone giant (22 damage)
             ... on level 2 of the Depths.
             The game lasted 00:47:18 (44225 turns).

sahdkjhfkaj the Impregnable (Gargoyle Gladiator)   Turns: 44225, Time: 00:47:19

Health: -2/156     AC: 51    Str: 23    XL:     23   Next: 52%
Magic:  23/23      EV:  7    Int: 14    God:    Gozag
Gold:   8390       SH: 16    Dex: 11    Spells: 22/22 levels left

rFire    + + +     SeeInvis +   a - +9 double sword (vamp)
rCold    + + .     Faith    .   S - +2 shield of Resistance {rF++ rC++ Will++}
rNeg     + + .     Spirit   .   P - +7 crystal plate armour
rPois    ∞         Reflect  .   V - +2 hat of Daffodils {Int+3}
rElec    +         Harm     .   o - +2 cloak of Hubris {rElec rF++ Str-3 SInv}
rCorr    .         Rampage  .   T - +3 pair of gauntlets of War {Slay+5}
Will     +++++     Clarity  +   X - +5 pair of boots of Servitude {Stlth+}
Stlth    ..........             z - amulet of the Four Winds {rN+ Will+++ Clar}
HPRegen  0.36/turn              g - +4 ring of protection
MPRegen  0.18/turn              B - +4 ring of slaying

@: corroded, gold aura, flying
A: AC +17, big wings, negative energy resistance 1, electricity resistance,
torment resistance 1, unbreathing 1, petrification resistance
}: 2/15 runes: serpentine, barnacled
a: Stop Flying, Renounce Religion, Potion Petition, Call Merchant, Bribe Branch


You were on level 2 of the Depths.
You worshipped Gozag.
Gozag was greatly pleased with you.
You visited 9 branches of the dungeon, and saw 41 of its levels.
You visited 1 bazaar.
You also visited: Gauntlet and Wizlab.

You collected 20945 gold pieces.
You spent 6471 gold pieces at shops.
You paid 6084 gold pieces to Gozag.

Inventory:

Hand Weapons
 a - a +9 vampiric double sword (weapon)
 b - the +10 morningstar "Eos" {elec, Halo rElec}
   (You bought it in a shop on level 2 of the Lair of Beasts)

   Occasionally, upon striking a foe, it can discharge electrical energy and
   cause terrible harm.
   It insulates you from electricity.
Missiles
 Z - 8 throwing nets (quivered)
Armour
 o - the +2 cloak of Hubris (worn) {rElec rF++ Str-3 SInv}
   (You found it in a wizard's laboratory)

   It affects your strength (-3).
   It greatly protects you from fire.
   It insulates you from electricity.
   It lets you see invisible.
 P - a +7 crystal plate armour (worn)
 S - the +2 shield of Resistance (worn) {rF++ rC++ Will++}
   (You bought it in a shop on level 2 of the Orcish Mines)

   It greatly protects you from fire.
   It greatly protects you from cold.
   It affects your willpower, your defense against some magical effects.
 T - the +3 pair of gauntlets of War (worn) {Slay+5}
   (You found it on level 9 of the Dungeon)

   It affects your accuracy and damage with ranged weapons and melee attacks
   (+5).
 V - the +2 hat of Daffodils (worn) {Int+3}
   (You found it on level 4 of the Shoals)

   It affects your intelligence (+3).
 X - the +5 pair of boots of Servitude (worn) {Stlth+}
   (You found it on level 3 of the Elven Halls)

   It makes you more stealthy.
Jewellery
 g - a +4 ring of protection (left hand)
 z - the amulet of the Four Winds (around neck) {rN+ Will+++ Clar}
   (You bought it in a shop on level 6 of the Lair of Beasts)

   [amulet of nothing]

   It protects you from negative energy.
   It affects your willpower, your defense against some magical effects.
   It protects you against confusion.
 B - a +4 ring of slaying (right hand)
Wands
 n - a wand of paralysis (32)
 t - a wand of polymorph (61)
 A - a wand of flame (38)
 E - a wand of mindburst (63)
 H - a wand of acid (18)
 I - a wand of digging (7)
 J - a wand of iceblast (50)
 M - a wand of random effects (49)
 U - a wand of charming (9)
Scrolls
 i - 3 scrolls of fear
 j - 18 scrolls of identify
 l - 4 scrolls of summoning
 p - a scroll of magic mapping
 r - 6 scrolls of immolation
 u - 5 scrolls of vulnerability
 w - 6 scrolls of fog
 x - 4 scrolls of silence
 y - 2 scrolls of torment
 C - a scroll of enchant weapon
 D - 3 scrolls of holy word
 F - 16 scrolls of teleportation
 O - 3 scrolls of blinking
 W - 2 scrolls of amnesia
Potions
 c - 12 potions of might
 d - a potion of invisibility
 e - 10 potions of brilliance
 f - 7 potions of lignification
 h - 26 potions of curing
 k - 3 potions of cancellation
 m - 2 potions of attraction
 q - 17 potions of heal wounds
 v - 3 potions of magic
 G - 4 potions of ambrosia
 K - 15 potions of haste
 L - 3 potions of resistance
 N - 8 potions of mutation
 Q - 5 potions of berserk rage
Miscellaneous
 s - a tin of tremorstones (1/2)
 R - a condenser vane


   Skills:
 - Level 20.0 Fighting
 - Level 16.0 Long Blades
 - Level 3.0(6.4) Axes
 - Level 9.7(10.0) Maces & Flails
 - Level 2.0 Throwing
 + Level 22.8 Armour
 - Level 2.4 Dodging
 - Level 15.0 Shields
 - Level 15.0 Evocations


You had 22 spell levels left.
You didn't know any spells.
Your spell library contained the following spells:

 Spells                   Type           Power      Damage    Failure   Level
 Animate Skeleton         Necr           0%         N/A       98%         1
 Beastly Appendage        Tmut           0%         N/A       98%         1
 Corona                   Hex            0%         N/A       98%         1
 Foxfire                  Conj/Fire      0%         2x1d4     98%         1
 Freeze                   Ice            0%         1d3       98%         1
 Magic Dart               Conj           0%         1d3       98%         1
 Pain                     Necr           0%         1d4       98%         1
 Sandblast                Erth           0%         2d4       98%         1
 Sting                    Tmut/Pois      0%         1d3       98%         1
 Blink                    Tloc           N/A        N/A       99%         2
 Passwall                 Tmut/Erth      0%         N/A       99%         2
 Poisonous Vapours        Pois/Air       0%         N/A       99%         2
 Searing Ray              Conj           0%         3d3       99%         2
 Slow                     Hex            0%         N/A       99%         2
 Swiftness                Air            0%         N/A       99%         2
 Wereblood                Tmut           0%         N/A       99%         2
 Conjure Flame            Conj/Fire      0%         6-21      100%        3
 Dazzling Flash           Conj/Hex       0%         N/A       100%        3
 Frozen Ramparts          Ice            0%         1d2       100%        3
 Gell's Gravitas          Tloc           0%         N/A       100%        3
 Ignite Poison            Fire/Tmut/Pois 0%         N/A       100%        3
 Inner Flame              Hex/Fire       0%         N/A       100%        3
 Lesser Beckoning         Tloc           0%         N/A       100%        3
 Mephitic Cloud           Conj/Pois/Air  0%         N/A       100%        3
 Ozocubu's Armour         Ice            0%         N/A       100%        3
 Portal Projectile        Hex/Tloc       0%         N/A       100%        3
 Spider Form              Tmut/Pois      0%         N/A       100%        3
 Stone Arrow              Conj/Erth      0%         3d7       100%        3
 Teleport Other           Tloc           0%         N/A       100%        3
 Vampiric Draining        Necr           0%         2d6       100%        3
 Animate Armour           Summ/Erth      0%         N/A       100%        4
 Animate Dead             Necr           0%         N/A       100%        4
 Cause Fear               Hex            0%         N/A       100%        4
 Fulminant Prism          Conj/Hex       0%         3d6       100%        4
 Hailstorm                Conj/Ice       0%         3d3       100%        4
 Ice Form                 Ice/Tmut       0%         N/A       100%        4
 Iskenderun's Mystic Bla  Conj/Tloc      0%         2d3       100%        4
 Leda's Liquefaction      Hex/Erth       0%         N/A       100%        4
 Olgreb's Toxic Radiance  Pois           0%         N/A       100%        4
 Passage of Golubria      Tloc           N/A        N/A       100%        4
 Petrify                  Tmut/Erth      0%         N/A       100%        4
 Sticky Flame             Conj/Fire      0%         2d3       100%        4
 Summon Ice Beast         Ice/Summ       0%         N/A       100%        4
 Agony                    Necr           0%         N/A       100%        5
 Blade Hands              Tmut           0%         N/A       100%        5
 Bolt of Magma            Conj/Fire/Erth 0%         4d4       100%        5
 Fireball                 Conj/Fire      0%         3d3       100%        5
 Irradiate                Conj/Tmut      0%         3d14      100%        5
 Iskenderun's Battlesphe  Conj           0%         2d6       100%        5
 Lee's Rapid Deconstruct  Erth           0%         3d5*      100%        5
 Manifold Assault         Tloc           0%         N/A       100%        5
 Yara's Violent Unravell  Hex/Tmut       0%         3d3       100%        5
 Dispersal                Tloc           0%         N/A       100%        6
 Invisibility             Hex            0%         N/A       100%        6
 Iron Shot                Conj/Erth      0%         9d1       100%        6
 Orb of Destruction       Conj           0%         N/A       100%        7
 Spellforged Servitor     Conj/Summ      0%         N/A       100%        7
 Borgnjor's Revivificati  Necr           0%         N/A       100%        8
 Disjunction              Tloc           0%         N/A       100%        8
 Infestation              Necr           0%         N/A       100%        8
 Necromutation            Tmut/Necr      0%         N/A       100%        8
 Death's Door             Necr           0%         N/A       100%        9
 Shatter                  Erth           0%         3d5*      100%        9
 Statue Form              Tmut/Erth      Unusable   N/A       N/A         6

Dungeon Overview and Level Annotations

Branches:
Dungeon (15/15)            Temple (1/1) D:5            Lair (6/6) D:9
 Shoals (4/4) Lair:2        Snake (4/4) Lair:4        Slime (0/5) Lair:5
    Orc (2/2) D:11            Elf (3/3) Orc:2        Vaults (4/5) D:14
  Crypt (0/3) Vaults:3     Depths (2/5) D:15         WizLab (visited)
Gauntlet (visited)

Altars:
Ashenzari
Cheibriados
Dithmenos
Elyvilon
Fedhas
Gozag
Hepliaklqana
Kikubaaqudgha
Makhleb
Nemelex Xobeh
Okawaru
Qazlal
Ru
Sif Muna
Trog
Uskayaw
Vehumet
Wu Jian
Xom
Yredelemnul
Zin
The Shining One
Beogh
Jiyva

Shops:
D:2 *   D:15 =   Orc:2 *[*(!:[   Elf:1 *:   Lair:2 *   Lair:6 =[   Shoals:3 :
Snake:3 ![[[:   Vaults:2 =   Vaults:3 !   Depths:1 ==:

Portals:
Hell: Depths:1
Abyss: Depths:1
Bazaar: Vaults:4
Trove: D:14 (give +2 shadow dragon scales)

Annotations:
Shoals:3 2 transporters, exclusion: orange crystal statue
Depths:2 Saint Roka


Innate Abilities, Weirdness & Mutations

Your stone body is resilient. (AC +17)
You are immune to poison.
Your large and strong wings let you fly indefinitely.
You resist negative energy. (rN+)
You are resistant to electric shocks. (rElec)
You are resistant to unholy torment.
You can survive without breathing.
You are immune to petrification.


Message History

Blink to where?
Press: ? - help, Dir - move target
As you read the scroll of blinking, it crumbles to dust.
A jiangshi comes into view.
As you read the scroll of teleportation, it crumbles to dust.
You feel strangely unstable.
The stone giant becomes distracted by the nearby gold, dreaming of imaginary riches.
The stone giant is no longer distracted by gold.
Unknown command.
Unknown command.
Unknown command.
The stone giant throws a large rock.
The large rock hits you!
* * * LOW HITPOINT WARNING * * *
Your surroundings suddenly seem different.
An orc warrior comes into view. It is wielding a +0 flail.
The orc warrior shouts!
An orc warrior comes into view. It is wielding a +0 dire flail.
The orc warrior shouts!
An orc warrior comes into view. It is wielding a +0 glaive.
The orc warrior shouts!
An orc comes into view. It is wielding a +0 hand axe.
The orc shouts!
A troll comes into view.
The troll shouts!
An orc warrior comes into view. It is wielding a +0 war axe.
The orc warrior shouts!
An orc comes into view. It is wielding a +0 flail.
The orc shouts!
A troll comes into view.
The troll shouts!
A warg comes into view.
The warg howls!
A frost giant comes into view.
It is wielding a +0 battleaxe of freezing.
The frost giant shouts!
A stone giant comes into view.
The stone giant shouts!
You hear a shout! x2
Saint Roka the Messiah comes into view.
They are wielding a +0 great sword of freezing.
The stone giant throws a large rock.
The large rock hits you!!
You die...
Your body crumbles into a pile of gold.

##. #.. #.. ..#
## $ .. ..# #.
#.##.#.
##..##.#.......
...C...@.oh..#
..)....#..o#.#
....C.o #o##
.....o. ...
......T .o.
....... o....
######. #### #.


You could see Saint Roka, a frost giant, a stone giant, a troll, a warg, 4 orc
warriors and 2 orcs.

Vanquished Creatures
  A bone dragon (Vaults:3)
  A lich (WizLab)
  3 acid blobs
  3 deep elf blademasters
  2 krakens
  2 sphinxes (Vaults:4)
  An eldritch tentacle (WizLab)
  Polyphemus (Shoals:3)
  A tentacled starspawn (WizLab)
  Frances (Snake:1)
  15 nagarajas
  A tengu reaver (Depths:1)
  5 azure jellies (Depths:2)
  Kirke (D:15)
  Donald (Orc:2)
  4 rockslimes (Depths:2)
  Ilsuiw (Shoals:3)
  A frost giant (Depths:1)
  3 fire giants
  Aizul (Snake:1)
  6 deep elf sorcerers
  6 vault wardens
  A juggernaut zombie (Depths:1)
  A quicksilver ooze (Lair:3)
  An orc warlord (Vaults:3)
  3 very ugly things
  2 deep elf elementalists
  8 ironbound preservers
  9 war gargoyles
  3 deep elf demonologists
  Nessos (Lair:5)
  4 stone giants
  3 entropy weavers
  3 vampire knights
  6 deep elf annihilators (Elf:3)
  Azrael (Snake:1)
  6 dire elephants
  A minotaur (Gauntlet)
  3 salamander tyrants
  6 merfolk javelineers
  Snorg (D:11)
  7 yaktaur captains
  2 ettins
  3 deep elf death magi
  2 jiangshi (Depths:2)
  4 merfolk impalers
  5 crystal guardians
  A deep elf high priest (Elf:3)
  The ghost of MisterLeisureLearns the Severer, a journeyman MiBe of Trog (D:12)
  2 fire dragons
  6 ice dragons
  A rakshasa (Depths:1)
  11 vault guards
  5 peacekeepers
  6 hydras
  4 merfolk avatars
  2 alligator snapping turtles
  4 great orbs of eyes
  24 naga warriors
  4 catoblepae
  6 ironbound frosthearts
  7 boulder beetles
  A spriggan air mage (Depths:2)
  6 ironbound thunderhulks
  3 deep troll shamans
  3 ogre magi
  9 anacondas
  4 merfolk aquamancers
  15 centaur warriors
  15 two-headed ogres
  13 death yaks
  5 deep troll earth magi
  The ghost of Riny the Covert, a journeyman SpEn of Ashenzari (Lair:3)
  6 ironbound beastmasters
  A vampire mage (Depths:1)
  16 naga sharpshooters
  A thrashing horror (WizLab)
  The ghost of ALWAYSlose the Martial Artist, a novice DsBe of Trog (D:9)
  4 shock serpents
  Nergalle (Lair:3)
  A sun demon (WizLab)
  6 iron trolls
  3 salamander mystics
  15 deep elf knights
  A fire crab (shapeshifter) (Elf:1)
  3 glowing orange brains
  A shadow wraith (WizLab)
  An obsidian statue (WizLab)
  9 sea snakes
  6 wizards
  10 deep elf archers
  4 orc knights
  32 deep trolls
  9 lindwurms
  5 naga ritualists (Snake:4)
  12 ironbound convokers
  21 harpies
  28 deep elf pyromancers
  33 deep elf zephyrmancers
  2 phantasmal warriors (Depths:1)
  3 necromancers
  An orc sorcerer (Elf:2)
  A wolf spider (D:8)
  5 oklob plants
  3 mana vipers
  A stone giant zombie (Vaults:3)
  25 ugly things
  6 salamanders
  2 fauns (Shoals:2)
  A worldbinder (WizLab)
  8 cyclopes
  A moth of wrath (D:9)
  11 elephants
  15 manticores
  A stone giant skeleton (Depths:1)
  A salamander (shapeshifter) (Elf:2)
  12 merfolk sirens
  17 naga magi
  An ice statue (D:12)
  32 black mambas
  3 water nymphs
  3 gargoyles
  A torpor snail (Lair:5)
  8 guardian serpents
  12 vault sentinels
  2 orange demons (WizLab)
  A smoke demon (WizLab)
  15 cane toads
  A human zombie (Vaults:3)
  2 rime drakes
  12 komodo dragons
  25 yaktaurs
  2 elf zombies (Vaults:3)
  A tormentor (WizLab)
  A hellwing (WizLab)
  3 ice devils (D:12)
  2 freezing wraiths
  2 tengu conjurers (Depths:1)
  2 efreet
  3 kobold demonologists (D:11)
  32 merfolk
  12 trolls
  8 wind drakes
  4 polar bears
  A jumping spider (Vaults:1)
  A shadow dragon simulacrum (Depths:1)
  A queen bee (shapeshifter) (D:15)
  A raiju (Gauntlet)
  28 slime creatures
  9 dream sheep
  A deep troll zombie (Depths:1)
  10 snapping turtles
  12 blink frogs
  3 air elementals
  3 small abominations (Gauntlet)
  6 centaur simulacra
  4 redbacks
  7 wyverns
  2 shadows
  8 fire elementals
  2 wraiths (D:13)
  A vampire (D:9)
  21 water elementals
  76 yaks
  8 basilisks
  2 steam dragons (Gauntlet)
  A basilisk (shapeshifter) (D:11)
  7 vampire mosquitoes
  A human simulacrum (Vaults:3)
  A harpy simulacrum (D:15)
  A large abomination (Gauntlet)
  4 spatial vortices (WizLab)
  An elf skeleton (WizLab)
  5 acid dragons
  77 nagas
  16 water moccasins
  2 hell hounds (Snake:1)
  15 orc warriors
  4 sky beasts
  An ice beast (D:7)
  An ice dragon simulacrum (Depths:1)
  6 black bears
  A necrophage (D:5)
  14 wolves
  7 boggarts
  25 ogres
  3 phantoms
  9 centaurs
  A kobold brigand (D:6)
  14 bullfrogs
  A wyvern zombie (D:7)
  3 earth elementals (Elf:1)
  2 gnoll sergeants
  A water moccasin skeleton (D:7)
  12 killer bees
  4 wights (D:8)
  6 electric eels
  5 centaur zombies
  A bullfrog zombie (D:6)
  A bullfrog skeleton (D:6)
  A centaur skeleton (D:5)
  7 jellies
  2 gnoll shamans
  16 orc priests
  An iguana (D:6)
  Ijyb (D:4)
  Natasha (thrice) (D:2)
  13 orc wizards
  13 hell rats
  A killer bee zombie (D:7)
  2 hound skeletons
  A mummy (D:5)
  3 howler monkey zombies
  12 adders
  20 gnolls
  3 ufetubi
  3 worms
  5 dart slugs
  54 orcs
  5 endoplasms
  6 giant cockroaches
  12 goblins
  7 hobgoblins
  14 jackals
  3 quokkas
  8 ball pythons
  4 bats
  4 frilled lizards
  2 hobgoblin zombies (D:5)
  A jackal skeleton (D:4)
  13 kobolds
  2 orc zombies (D:5)
  A rat (D:3)
  4 starspawn tentacles (WizLab)
  3 tentacles (Shoals:3)
1552 creatures vanquished.

Vanquished Creatures (collateral kills)
  A hydra (Lair:1)
1 creature vanquished.

Vanquished Creatures (others)
  A nagaraja (Snake:4)
  A deep elf high priest (Elf:3)
  19 dancing weapons
  3 deep elf zephyrmancers
  A deep elf pyromancer (D:15)
  A manticore (Shoals:3)
  A water elemental (Shoals:4)
  7 humans (D:15)
  2 boggarts
  4 bushes (D:15)
  18 fungi
  53 plants
  2 starspawn tentacles (WizLab)
  8 tentacles
121 creatures vanquished.

Grand Total: 1674 creatures vanquished

Notes
Turn   | Place    | Note
-------+----------+-------------------------------------------
     0 | D:1      | sahdkjhfkaj the Gargoyle Gladiator began the quest for the
                  | Orb.
     0 | D:1      | Reached XP level 1. HP: 12/12 MP: 1/1
   172 | D:1      | Reached XP level 2. HP: 18/18 MP: 2/2
   623 | D:1      | Reached XP level 3. HP: 16/23 MP: 3/3
   876 | D:2      | Identified a scroll of acquirement
   878 | D:2      | Acquired a +2 vampiric double sword
   934 | D:2      | Found a white marble altar of Elyvilon.
   944 | D:2      | Reached skill level 1 in Long Blades
  1041 | D:2      | Reached XP level 4. HP: 28/28 MP: 4/4
  1041 | D:2      | Found Zin's Purification Station.
  1048 | D:2      | Found a glowing silver altar of Zin.
  1084 | D:2      | Noticed Natasha
  1089 | D:2      | Killed Natasha
  1147 | D:2      | Noticed Natasha
  1389 | D:2      | Killed Natasha
  1390 | D:2      | Reached XP level 5. HP: 6/32 MP: 5/5
  1715 | D:2      | Noticed Natasha
  1727 | D:2      | Killed Natasha
  1990 | D:3      | Reached XP level 6. HP: 21/38 MP: 6/6
  2342 | D:3      | Reached skill level 1 in Shields
  3237 | D:4      | You fall into a shaft and drop 1 floor!
  3237 | D:5      | Entered Level 5 of the Dungeon
  3277 | D:5      | Reached XP level 7. HP: 44/44 MP: 7/7
  3518 | D:4      | Noticed Ijyb
  3524 | D:4      | Killed Ijyb
  3525 | D:4      | Reached skill level 5 in Long Blades
  3854 | D:5      | Reached skill level 5 in Fighting
  3999 | D:5      | Reached XP level 8. HP: 49/49 MP: 8/8
  4054 | D:5      | Found a staircase to the Ecumenical Temple.
  4185 | Temple   | Entered the Ecumenical Temple
  4388 | Temple   | Became a worshipper of Gozag Ym Sagoz the Greedy
  4563 | D:5      | Found a sacrificial altar of Ru.
  4724 | D:6      | Noticed a wyvern
  4734 | D:6      | Killed a wyvern
  5003 | D:6      | Found a shimmering altar of Xom.
  5226 | D:7      | Noticed Maggie
  5261 | D:7      | Reached XP level 9. HP: 56/56 MP: 9/9
  5352 | D:6      | Reached skill level 1 in Armour
  5373 | D:6      | Reached skill level 2 in Armour
  5393 | D:7      | Reached skill level 3 in Armour
  5462 | D:7      | Reached skill level 4 in Armour
  5480 | D:7      | Reached skill level 5 in Armour
  5571 | D:7      | Reached skill level 6 in Armour
  5581 | D:7      | Acquired 984 gold pieces
  5660 | D:7      | Noticed Maggie
  5660 | D:7      | Maggie changed into Maggie the sky beast
  5667 | D:7      | Killed Maggie the sky beast
  5771 | D:7      | Reached skill level 1 in Evocations
  5785 | D:7      | Found a stormy altar of Qazlal.
  5925 | D:7      | Found a bloodstained altar of Trog.
  6056 | D:8      | Reached skill level 7 in Armour
  6089 | D:8      | Noticed a two-headed ogre
  6124 | D:8      | Reached XP level 10. HP: 63/63 MP: 10/10
  6392 | D:8      | Noticed a wolf spider
  6399 | D:8      | Killed a wolf spider
  6400 | D:8      | Reached skill level 5 in Evocations
  6406 | D:8      | Identified the ring "Ilarirghe" {rC+ Int+6}
  6490 | D:8      | Killed a two-headed ogre
  6615 | D:8      | Found a blossoming altar of Fedhas.
  6615 | D:8      | Found a hazy altar of Hepliaklqana.
  6950 | D:9      | Found a staircase to the Lair.
  6982 | D:9      | Found a transporter.
  6995 | D:9      | Noticed a moth of wrath
  7005 | D:9      | Found a transporter.
  7080 | D:9      | Noticed ALWAYSlose's ghost (novice DsBe)
  7081 | D:9      | Found the +3 pair of gauntlets of War {Slay+5}
  7162 | D:9      | Noticed a two-headed ogre
  7174 | D:9      | Killed a two-headed ogre
  7558 | D:9      | Reached XP level 11. HP: 63/69 MP: 11/11
  7566 | D:9      | Reached skill level 10 in Long Blades
  7837 | D:10     | Entered Level 10 of the Dungeon
  8171 | D:10     | Noticed a two-headed ogre
  8180 | D:10     | Killed a two-headed ogre
  8629 | Lair:1   | Entered Level 1 of the Lair of Beasts
  8835 | Lair:1   | Reached skill level 10 in Fighting
  8922 | Lair:1   | Noticed an eight-headed hydra
  8929 | Lair:1   | Killed an eight-headed hydra
  9746 | Lair:2   | Reached XP level 12. HP: 71/79 MP: 12/12
  9811 | Lair:2   | Bought the +10 morningstar "Eos" {elec, Halo rElec} for 814
                  | gold pieces
  9811 | Lair:2   | Found the +10 morningstar "Eos" {elec, Halo rElec}
  9890 | Lair:2   | Found a staircase to the Shoals.
  9893 | Lair:2   | Noticed a catoblepas
  9906 | Lair:2   | Reached skill level 1 in Maces & Flails
  9921 | Lair:2   | Killed a catoblepas
  9952 | Lair:2   | Noticed a five-headed hydra
  9959 | Lair:2   | Killed a five-headed hydra
  9974 | Lair:2   | Reached skill level 5 in Maces & Flails
 10257 | Lair:2   | Noticed a catoblepas
 10273 | Lair:2   | Killed a catoblepas
 10946 | Lair:3   | Noticed Nergalle
 10964 | Lair:3   | Killed Nergalle
 11085 | Lair:3   | You fall into a shaft and drop 1 floor!
 11178 | Lair:3   | Found a runed translucent gate.
 11178 | Lair:3   | Found a runed translucent gate.
 11178 | Lair:3   | Found a runed translucent gate.
 11179 | Lair:3   | Noticed Riny's ghost (journeyman SpEn)
 11179 | Lair:3   | Noticed a quicksilver ooze
 11799 | Lair:3   | Found a viscous altar of Jiyva.
 12113 | Lair:4   | Reached XP level 13. HP: 79/84 MP: 13/13
 12187 | Lair:4   | Reached skill level 8 in Armour
 12273 | Lair:4   | Found a staircase to the Snake Pit.
 12376 | Lair:4   | Reached skill level 9 in Armour
 13104 | Lair:5   | Reached skill level 5 in Shields
 13272 | Lair:5   | Noticed Nessos
 13280 | Lair:5   | Killed Nessos
 13317 | Lair:5   | Reached skill level 10 in Armour
 13384 | Lair:5   | Found a runed translucent door.
 13384 | Lair:5   | Found a viscous altar of Jiyva.
 13384 | Lair:5   | Noticed an acid blob
 13385 | Lair:5   | Found a staircase to the Slime Pits.
 13986 | Lair:6   | Entered Level 6 of the Lair of Beasts
 14058 | Lair:6   | Reached skill level 11 in Armour
 14237 | Lair:6   | Gained mutation: Your large and strong wings let you fly
                  | indefinitely. [Gargoyle growth]
 14237 | Lair:6   | Reached XP level 14. HP: 90/90 MP: 14/14
 14517 | Lair:6   | Reached skill level 10 in Shields
 15597 | D:11     | Found a staircase to the Orcish Mines.
 15911 | D:11     | Noticed Snorg
 15928 | D:11     | Killed Snorg
 16274 | D:12     | Found a runed translucent gate.
 16274 | D:12     | Found a runed translucent gate.
 16274 | D:12     | Found a runed translucent gate.
 16652 | D:12     | Noticed MisterLeisureLearns's ghost (journeyman MiBe)
 17407 | D:13     | Reached XP level 15. HP: 92/94 MP: 12/15
 17461 | D:13     | Reached skill level 15 in Shields
 18128 | D:14     | Found a gate to the Vaults.
 18424 | D:14     | Found a portal to a secret trove of treasure.
 18581 | D:14     | Found a glowing golden altar of the Shining One.
 19322 | D:15     | Entered Level 15 of the Dungeon
 19322 | D:15     | Found a gate leading to a gauntlet.
 19323 | D:15     | Noticed Kirke
 19329 | Gauntlet | Entered a Gauntlet
 19329 | Gauntlet | Found a transporter.
 19336 | Gauntlet | Found a transporter.
 19340 | Gauntlet | Found a transporter.
 19350 | Gauntlet | Found a transporter.
 19354 | Gauntlet | Found a transporter.
 19362 | Gauntlet | Found a transporter.
 19366 | Gauntlet | Found a transporter.
 19374 | Gauntlet | Found a transporter.
 19378 | Gauntlet | Found a transporter.
 19389 | Gauntlet | Found a transporter.
 19417 | Gauntlet | Found a transporter.
 19429 | Gauntlet | Found a transporter.
 19442 | Gauntlet | Found a transporter.
 19455 | Gauntlet | Found a transporter.
 19578 | Gauntlet | Identified the +6 flail "Mauwelan" {vorpal, Dex+3}
 19601 | Gauntlet | Acquired the amulet "Wops" {Reflect Fragile rC+++ MP+9
                  | Dex+5 SH+5}
 19803 | Gauntlet | Identified the Guide on the Shifting Frostbite
 19815 | D:15     | Killed Kirke
 20374 | D:15     | Found Juopn's Jewellery Boutique.
 20626 | D:15     | Found a staircase to the Depths.
 20701 | D:15     | Reached skill level 10 in Evocations
 21171 | Orc:1    | Entered Level 1 of the Orcish Mines
 21458 | Orc:2    | Entered Level 2 of the Orcish Mines
 21492 | Orc:2    | Found Mawyemyf's Weapon Shop.
 21496 | Orc:2    | Reached XP level 16. HP: 80/100 MP: 16/16
 21532 | Orc:2    | Bought a pair of ichor-stained boots for 361 gold pieces
 21532 | Orc:2    | Identified the +0 pair of boots of the Stonemason {*Drain
                  | Will+ Regen+ rCorr} (You bought it in a shop on level 2 of
                  | the Orcish Mines)
 21532 | Orc:2    | Bought the +2 shield of Resistance {rF++ rC++ Will++} for
                  | 2466 gold pieces
 21532 | Orc:2    | Found the +2 shield of Resistance {rF++ rC++ Will++}
 21572 | Orc:2    | Found a staircase to the Elven Halls.
 21589 | Orc:2    | Found Erosa's Assorted Antiques.
 21593 | Orc:2    | Found Ezoade's Book Boutique.
 21679 | Orc:2    | Found Koestriga's Distillery.
 21814 | Orc:2    | Found Fitij's Armour Shop.
 21869 | Orc:2    | Noticed Donald
 21887 | Orc:2    | Killed Donald
 22257 | Orc:2    | Bought a potion of curing for 45 gold pieces
 22257 | Orc:2    | Bought a potion of might for 60 gold pieces
 22257 | Orc:2    | Bought 2 potions of curing for 90 gold pieces
 22257 | Orc:2    | Bought 2 potions of heal wounds for 150 gold pieces
 22257 | Orc:2    | Bought a potion of mutation for 120 gold pieces
 22257 | Orc:2    | Bought a potion of ambrosia for 120 gold pieces
 22257 | Orc:2    | Bought a potion of haste for 150 gold pieces
 22441 | Snake:1  | Entered Level 1 of the Snake Pit
 22510 | Snake:1  | Noticed Azrael
 22520 | Snake:1  | Killed Azrael
 22544 | Snake:1  | Noticed Frances
 22559 | Snake:1  | Killed Frances
 23237 | Snake:1  | Noticed Aizul
 23254 | Snake:1  | Killed Aizul
 24760 | Snake:3  | Found Maelob's Antique Armour Shop.
 24763 | Snake:3  | Found Xoazxes's Book Boutique.
 24763 | Snake:3  | Found Taecic's Distillery.
 24768 | Snake:3  | Found Yzeerigge's Armour Boutique.
 24776 | Snake:3  | Bought a +3 plate armour of fire resistance for 630 gold
                  | pieces
 24820 | Snake:3  | Reached XP level 17. HP: 111/111 MP: 17/17
 25037 | Snake:3  | Found a sacrificial altar of Ru.
 25619 | Snake:4  | Entered Level 4 of the Snake Pit
 25705 | Snake:4  | Reached skill level 15 in Fighting
 26146 | Snake:4  | Reached skill level 15 in Long Blades
 26864 | Snake:4  | Reached XP level 18. HP: 101/120 MP: 18/18
 27127 | Snake:4  | Reached skill level 12 in Armour
 27386 | Snake:4  | Reached skill level 13 in Armour
 27431 | Snake:4  | Got a serpentine rune of Zot
 27857 | Vaults:1 | Entered Level 1 of the Vaults
 28122 | Vaults:1 | Reached skill level 14 in Armour
 28401 | Vaults:1 | Reached skill level 15 in Armour
 28572 | Vaults:1 | Reached XP level 19. HP: 125/125 MP: 19/19
 28739 | Vaults:1 | Reached skill level 16 in Armour
 29262 | Shoals:1 | Entered Level 1 of the Shoals
 30955 | Shoals:3 | Found a transporter.
 31101 | D:9      | Killed ALWAYSlose's ghost
 31239 | D:12     | Killed MisterLeisureLearns's ghost
 31503 | Lair:3   | Killed Riny's ghost
 31903 | Shoals:3 | Found Lariej's Book Shoppe.
 31903 | Shoals:3 | Noticed Ilsuiw
 31989 | Shoals:3 | Killed Ilsuiw
 32050 | Shoals:3 | Found a transporter.
 32056 | Shoals:3 | Noticed Polyphemus
 32083 | Shoals:3 | Killed Polyphemus
 32578 | Shoals:4 | Entered Level 4 of the Shoals
 32594 | Shoals:4 | Reached XP level 20. HP: 124/131 MP: 20/20
 32944 | Shoals:4 | Got a barnacled rune of Zot
 33012 | Shoals:4 | Identified the Collected Works on Conjuration
 33183 | Shoals:4 | Reached skill level 15 in Evocations
 33553 | Shoals:4 | Identified the +2 hat of Daffodils {Int+3}
 34354 | Vaults:2 | Found Zurr's Jewellery Boutique.
 35297 | Vaults:3 | Reached skill level 17 in Armour
 35504 | Vaults:3 | Found Imon Qubb's Distillery.
 35711 | Vaults:3 | Reached XP level 21. HP: 137/137 MP: 21/21
 35820 | Vaults:3 | Reached skill level 18 in Armour
 35853 | Vaults:3 | Noticed a bone dragon
 35855 | Vaults:3 | Found a staircase to the Crypt.
 35863 | Vaults:3 | Killed a bone dragon
 36734 | Vaults:4 | Reached skill level 19 in Armour
 37055 | Vaults:4 | Found a gateway to a bazaar.
 37805 | Lair:6   | Bought the amulet of the Four Winds {rN+ Will+++ Clar} for
                  | 790 gold pieces
 37805 | Lair:6   | Found the amulet of the Four Winds {rN+ Will+++ Clar}
 38020 | Elf:1    | Entered Level 1 of the Elven Halls
 38042 | Elf:1    | Reached skill level 20 in Armour
 38199 | Elf:1    | Found Xiziddam's Book Shoppe.
 38204 | Elf:1    | Found Witwous's General Store.
 39333 | Elf:2    | Found a runed translucent gate.
 39342 | Elf:2    | Found a runed translucent gate.
 39508 | Elf:2    | Reached XP level 22. HP: 147/147 MP: 22/22
 39592 | Elf:2    | Found a runed translucent gate.
 39640 | Elf:2    | Found a magical portal.
 39645 | WizLab   | Entered The Roulette of Golubria
 39645 | WizLab   | Found a transporter.
 39650 | WizLab   | Found a corrupted altar of Lugonu.
 39718 | WizLab   | Found a transporter.
 39756 | WizLab   | Found a transporter.
 39832 | WizLab   | Found a transporter.
 39849 | WizLab   | Found a transporter.
 39907 | WizLab   | Found a transporter.
 39949 | WizLab   | Found a transporter.
 40020 | WizLab   | Found a transporter.
 40039 | WizLab   | Found a transporter.
 40091 | WizLab   | Found a transporter.
 40136 | WizLab   | Found a transporter.
 40136 | WizLab   | Found a transporter.
 40177 | WizLab   | Found a transporter.
 40218 | WizLab   | Found a transporter.
 40218 | WizLab   | Found a transporter.
 40223 | WizLab   | Found a corrupted altar of Lugonu.
 40294 | WizLab   | Found a transporter.
 40294 | WizLab   | Found a transporter.
 40395 | WizLab   | Identified the +0 cloak of Starshine {rF+ rC++ Int-5
                  | Stlth+}
 40396 | WizLab   | Identified the +2 cloak of Hubris {rElec rF++ Str-3 SInv}
 41301 | Elf:3    | Entered Level 3 of the Elven Halls
 41335 | Elf:3    | Identified the +5 pair of boots of Servitude {Stlth+}
 41362 | Elf:3    | Found a flickering gateway to a bazaar.
 41371 | Bazaar   | Entered a bazaar
 41385 | Bazaar   | Found Qaanwehul's Weapon Shoppe.
 41401 | Bazaar   | Found Xuideozy's Distillery.
 41401 | Bazaar   | Found Giry's Antique Weapon Emporium.
 41423 | Bazaar   | Found Pucw's Armour Emporium.
 41508 | Bazaar   | Bought a potion of curing for 45 gold pieces
 41508 | Bazaar   | Bought a potion of curing for 45 gold pieces
 41508 | Bazaar   | Bought a potion of cancellation for 120 gold pieces
 41508 | Bazaar   | Bought a potion of berserk rage for 75 gold pieces
 41508 | Bazaar   | Bought a potion of mutation for 120 gold pieces
 41508 | Bazaar   | Bought a potion of cancellation for 120 gold pieces
 41508 | Bazaar   | Bought a potion of lignification for 45 gold pieces
 41508 | Bazaar   | Bought a potion of might for 60 gold pieces
 41508 | Bazaar   | Bought a potion of curing for 45 gold pieces
 42142 | Elf:3    | Found a shimmering altar of Xom.
 42651 | Elf:3    | Identified the +9 morningstar of Subterfuge {vorpal, *Noise
                  | rPois Int+5}
 42654 | Elf:3    | Identified the ring of Egubiegaez {Ice Str+3 Int+3}
 42661 | Elf:3    | Identified the amulet of Jeil {Spirit rElec rF- MP+9 Str+6}
 42869 | Elf:3    | Identified the ring of the Mutiny {rF+ rN+ Int-4 Dex+2}
 43383 | Depths:1 | Entered Level 1 of the Depths
 43427 | Depths:1 | Reached skill level 21 in Armour
 43451 | Depths:1 | Reached XP level 23. HP: 156/156 MP: 23/23
 43519 | Depths:1 | Found a gateway to Hell.
 43652 | Depths:1 | Found a one-way gate to the infinite horrors of the Abyss.
 44007 | Depths:1 | Found Xutrymit's Jewellery Shop.
 44008 | Depths:1 | Found Mylish's Book Emporium.
 44009 | Depths:1 | Found Kamunott's Jewellery Shop.
 44137 | Depths:2 | Reached skill level 22 in Armour
 44225 | Depths:2 | Noticed Saint Roka
 44225 | Depths:2 | Hit by a large rock thrown by a stone giant

Illustrated notes

Levels and vault maps discovered:
D:1:      shiori_arrival_whats_in_store_for_you, layout_loops_ring
D:2:      layout_rooms, zin_purify, elyvilon_altar_5, uniq_natasha
D:3:      layout_loops_corners
D:4:      layout_basic, sigmund_army, uniq_ijyb
D:5:      layout_gridville, nicolae_ru_great_annihilating_truth,
          minmay_temple_entry_stoned_glass, minmay_mini_ossuary
D:6:      layout_rooms, overflow_temple_1_default
D:7:      layout_cave_pools, nicolae_qazlal_style_of_elements,
          trog_ov_bears_minmay, uniq_maggie
D:8:      layout_cave_pools, gammafunk_temple_overflow_wave, grunt_ministairs_2,
          st_stairs_13, kennysheep_just_a_vault
D:9:      layout_loops_corners, lair_entry_dummy,
          gammafunk_ghost_berserking_beasts
D:10:     layout_long_grid
D:11:     layout_cave_pools, david_orc_4, minmay_shattered_shrine, uniq_snorg
D:12:     layout_basic, gammafunk_ghost_icy, minmay_statue_bubble
D:13:     layout_cave_pools
D:14:     layout_loops_corners, erik_vaults_2, roderic_lattice_octagonal_star,
          enter_trove_3, minmay_liquid_box, nicolae_tso_carved_into_rock
D:15:     grunt_enter_depths_hoard, layout_rooms, gauntlet_entry_generic,
          serial_park_gazebo [serial_park_minivault_5x5_3], serial_shops,
          nicolae_shop_crystal, uniq_kirke
Temple:   eino_narrow_crystal_temple
Lair:1:   layout_long_grid, minivault_26
Lair:2:   layout_long_grid, shoals_dummy_entry
Lair:3:   layout_layer_cave, gammafunk_ghost_endoplasm, minivault_24,
          chequers_serial_rivers_small_a, uniq_nergalle
Lair:4:   layout_roguey, minmay_snake_entry_guardpost_large,
          minmay_lair_oklob_chamber, serial_bayou_shore_b, grunt_megastairs_3
Lair:5:   layout_loops_ring, slime_altar_2, serial_bayou_shore_b,
          grunt_megastairs_2, lemuel_fruit_fields, serial_bayou_shore_a,
          uniq_nessos
Lair:6:   grunt_lair_end_beastmaster, layout_hall_layers, grunt_megastairs_5
Shoals:1: layout_shoals
Shoals:2: layout_shoals, nicolae_shoals_seven_spires
Shoals:3: gammafunk_sealed_arena, layout_shoals, serial_shops, shop_coins,
          uniq_polyphemus, uniq_ilsuiw
Shoals:4: shoals_end_simple, layout_shoals, nicolae_shoals_wave_tunnel
Snake:1:  minmay_snake_river, layout_concentric_octagons, uniq_azrael,
          uniq_frances, uniq_aizul
Snake:2:  layout_basic
Snake:3:  layout_basic, special_room, basic_altar, minmay_shoptagon,
          serial_bayou_shore_b
Snake:4:  grunt_snake_rune_spirals, layout_onion, serial_bayou_shore_b
Orc:1:    layout_caves, basic_altar
Orc:2:    st_orc_open, layout_caves, serial_shops, shop,
          david_defended_altar_orc, uniq_donald
Elf:1:    elf_arrival_001, layout_onion_city, hangedman_elf_represent,
          minmay_shop_star
Elf:2:    layout_rooms, infiniplex_enter_wizlab_spiral,
          serial_sigils_hangedman_carve
Elf:3:    minmay_elf_hall_dome, layout_geoelf_castle, basic_altar, serial_shops,
          bzr_entry_gold
Vaults:1: vaults_room_grid, v_misc_28, v_misc_16, vaults_room_grid,
          nicolae_vaults_three_branches, v_misc_9, dpeg_vaults_monster_box,
          layout_vaults_big_room
Vaults:2: ontoclasm_vaults_gateway, ontoclasm_vaults_ring_small,
          nicolae_vaults_gold_heap, v_rooms_6, nicolae_vaults_little_ls,
          nicolae_vaults_mini_display_case, v_pattern_4,
          vaults_standard_mumra_enter_the_diamond, ontoclasm_vaults_chip,
          vaults_room_fours, layout_vaults_omnicross, serial_shops,
          nicolae_shop_statue_plus
Vaults:3: v_misc_13, nicolae_vaults_little_squares_5, v_alt_pattern_5,
          nicolae_vaults_hallways_thing, vaults_room_octagon,
          minmay_crypt_entry_nasty_monster, v_misc_13, v_misc_4,
          vaults_dpeg_doors, vaults_standard_mumra_x,
          nicolae_vaults_shelves_hall, vaults_dpeg_ring, grunt_vaults_funnel,
          layout_vaults_ring, serial_shops, nicolae_shop_stone
Vaults:4: ontoclasm_vaults_tryst, hangedman_vaults_cutoff, v_misc_18,
          vaults_dpeg_spiral, vaults_room_fours, v_rooms_3,
          grunt_vaults_hallway_long, kb_rosetta, grunt_vaults_diagonal,
          vaults_room_stairs_pillars, ontoclasm_vaults_fault,
          layout_vaults_omnibox, serial_shops, bzr_entry_lakeside
Depths:1: layout_cave_pools, hell_entry, abyss_entry, serial_rivers,
          chequers_serial_rivers_micro_a, chequers_serial_rivers_micro_b,
          chequers_serial_rivers_micro_a, chequers_serial_rivers_marsh,
          st_stairs_10, minmay_shop_grove
Depths:2: nicolae_legendary_halls, layout_long_grid, special_room
          [special_room_jelly], hangedman_decor_clover_reticule, hell_entry,
          nicolae_blasting_shop, uniq_saint_roka

Skill      XL: |  1  2  3  4  5  6  7  8  9 10 11 12 13 14 15 16 17 18 19 20 21 22 23 |
---------------+----------------------------------------------------------------------+-----
Axes           | 3 |  3.0
Fighting       | 3 4 5 6 7 8 10 11 14 16 18 20 | 20.0
Throwing       | 2 |  2.0
Long Blades    | 1 3 4 5 7 8 9 11 12 14 15 16 | 16.0
Shields        | 2 3 4 9 14 15 | 15.0
Armour         | 7 11 15 16 17 20 21 22 | 22.8
Evocations     | 2 5 10 13 15 | 15.0
Maces & Flails | 9 |  9.7
Dodging        | |  2.4

Action                   |  1- 3 |  4- 6 |  7- 9 | 10-12 | 13-15 | 16-18 | 19-21 | 22-24 || total
-------------------------+-------+-------+-------+-------+-------+-------+-------+-------++-------
Melee: War axe           |    48 |       |       |       |       |       |       |       ||    48
       Double sword      |    22 |   115 |   341 |   525 |  1265 |  1321 |  1827 |   771 ||  6187
       Unarmed           |       |     5 |       |       |     6 |       |       |       ||    11
       Morningstar       |       |       |       |     3 |    22 |       |       |       ||    25
Throw: Throwing net      |       |       |     1 |       |       |       |       |     1 ||     2
Invok: Call Merchant     |       |       |       |     1 |       |     3 |     2 |       ||     6
 Abil: Fly               |       |       |       |       |     1 |       |       |       ||     1
Evoke: Wand              |       |       |     2 |     2 |     2 |       |       |     1 ||     7
       Condenser vane    |       |       |       |       |     1 |     3 |     1 |     3 ||     8
       Tin of tremorston |       |       |       |       |       |     1 |     2 |     1 ||     4
  Use: Scroll            |     4 |     4 |     4 |     6 |    23 |    10 |     2 |     3 ||    56
       Potion            |       |       |       |       |     2 |       |       |       ||     2
 Stab: Paralysed         |       |       |     1 |       |     4 |       |       |       ||     5
       Held in net/web   |       |       |     1 |       |       |       |       |       ||     1
       Distracted        |       |       |       |     2 |     8 |     8 |    11 |     1 ||    30
       Petrified         |       |       |       |     6 |    15 |       |       |       ||    21
Armor: Leather armour    |    29 |       |       |       |       |       |       |       ||    29
       Scale mail        |     1 |    48 |       |       |       |       |       |       ||    49
       Chain mail        |       |    25 |   299 |   403 |   463 |       |       |       ||  1190
       Plate armour      |       |       |       |       |   379 |   206 |       |       ||   585
       Skin              |       |       |       |       |    13 |       |       |       ||    13
       Crystal plate arm |       |       |       |       |       |   377 |   995 |   734 ||  2106
Dodge: Dodged            |    58 |    82 |   148 |   229 |   439 |   178 |   277 |   192 ||  1603
Block: Buckler           |       |       |    64 |   117 |    12 |       |       |       ||   193
       Kite shield       |       |       |       |       |   835 |  1324 |  1556 |   608 ||  4323
       Reflection        |       |       |       |       |     3 |   149 |    79 |       ||   231
       Rpst.: Double sword |     9 |    31 |    39 |    59 |    84 |    34 |    48 |    32 ||   336

Table legend: (Time is in decaauts)
 A = Elapsed time spent in this place.
 B = Non-inter-level travel time spent in this place.
 C = Inter-level travel time spent in this place.
 D = Time resting spent in this place.
 E = Time spent auto-exploring this place.
 F = Levels seen in this place.
 G = Mean time per level.
                   A        B        C        D        E       F      G
               +--------+--------+--------+--------+--------+-----+--------+
         Total |  43274 |  39437 |   3837 |    731 |  28923 |  44 |  983.5 |
       Dungeon |  14982 |  13420 |   1562 |    441 |  10235 |  15 |  998.8 |
        Temple |    211 |    169 |     42 |      0 |    167 |   1 |  211.0 |
          Lair |   7643 |   6668 |    975 |     52 |   5275 |   6 | 1273.8 |
        Shoals |   3429 |   3170 |    259 |      0 |   2253 |   4 |  857.2 |
     Snake Pit |   4995 |   4642 |    353 |     42 |   3189 |   4 | 1248.8 |
  Orcish Mines |   1142 |   1019 |    123 |      0 |    747 |   2 |  571.0 |
   Elven Halls |   4012 |   3809 |    203 |     11 |   2741 |   3 | 1337.3 |
        Vaults |   4684 |   4386 |    298 |      0 |   3231 |   4 | 1171.0 |
        Depths |    750 |    732 |     18 |      0 |    461 |   2 |  375.0 |
        Bazaar |    165 |    165 |      0 |      0 |     64 |   1 |  165.0 |
        Wizlab |    780 |    780 |      0 |      0 |    409 |   1 |  780.0 |
      Gauntlet |    475 |    475 |      0 |    185 |    151 |   1 |  475.0 |
               +--------+--------+--------+--------+--------+-----+--------+

Top non-repeatable levels by time:
 Snake:4: 1774 daAuts
   Elf:3: 1603 daAuts
    D:14: 1565 daAuts
  Lair:3: 1561 daAuts
    D:12: 1471 daAuts
     D:9: 1385 daAuts
 Snake:1: 1354 daAuts
   Elf:1: 1301 daAuts
  Lair:2: 1295 daAuts
Vaults:3: 1293 daAuts
Vaults:2: 1241 daAuts
  Lair:6: 1235 daAuts
  Lair:5: 1223 daAuts
  Lair:1: 1211 daAuts
     D:3: 1173 daAuts
